[Event "22nd OIBM 2018"]
[Site "Gmund am Tegernsee"]
[Date "2018.10.30"]
[Round "4"]
[White "Subramanian, Aditya"]
[Black "Hacker, Jonas"]
[Result "0-1"]
[ECO "A09"]
[WhiteElo "2151"]
[BlackElo "2345"]
[Annotator "NA"]
[PlyCount "66"]
[EventDate "2018.10.27"]
[EventType "swiss"]
[EventCountry "GER"]
[SourceTitle "playchess.com"]
[Source "ChessBase"]
[SourceQuality "1"]
[TimeControl "40/5400+30:1800+30"]

1. Nf3 d5 2. c4 d4 3. b4 {[%emt 0:00:00] A09: Réti Opening: 1 Nf3 d5 2 c4} (3. e3 Nc6 4. b4 dxe3 5. fxe3 e5 6. b5 Nb4 7. Nc3 Bf5 8. e4 Bg4 9. a3 Bxf3 10. gxf3 Nd3+ 11. Bxd3 Qxd3 12. Qe2 {1-0 (30) Iturrizaga Bonelli,E (2636)-Xiong,J (2651) chess.com INT 2018}) 3... g5 4. Bb2 Bg7 5. Nxg5 e5 6. Ne4 f5 7. Nc5 b6 8. Qa4+ Kf7 9. Nd3 Ne7 10. f4 $146 ({Predecessor:} 10. e3 e4 {0-1 (47) Shuvalov,E (2241)-Shukh,N (2435) Moscow 2018}) 10... e4 11. Ne5+ Bxe5 12. fxe5 c5 13. e3 Nbc6 14. exd4 cxd4 15. Be2 Nxe5 16. c5 bxc5 (16... f4 $17 17. O-O f3 18. gxf3 e3) 17. bxc5 N7c6 18. O-O (18. Na3 $1 $11 {hält das Gleichgewicht.}) 18... Rb8 19. Bb5 Qd5 20. Na3 Be6 21. Qd1 h5 22. Rc1 Qxa2 23. Qa4 Qxb2 (23... Rxb5 $142 24. Qxb5 Rb8) 24. Bxc6 Nxc6 $2 (24... Qxd2 $19 25. Kh1 e3) 25. Nc4 Bxc4 $1 26. Qxc4+ $2 {[%emt 0:00:02] [#]} (26. Qxc6 $11 {and White is okay.} Be6 {[#]} 27. Rxf5+ $3 Bxf5 28. Rf1) 26... Kg7 $1 27. Qe6 Rh6 28. Qxf5 Qxd2 29. Qd7+ (29. Rb1 $142 Rg6 30. Qxe4 Rxb1 31. Rxb1) 29... Kh8 30. Rb1 Rg8 31. Rf2 Qg5 32. Rb7 e3 $19 (32... Qc1+ $142 33. Rf1 {[#]} Rxg2+ $1 34. Kxg2 Rg6+ 35. Kh3 Qxf1+ 36. Kh4 Qf4+ 37. Kh3 Qf3+ 38. Kh4 Rg4+ 39. Kxh5 Qh3#) 33. Re2 Qg6 0-1

[Event "22nd OIBM 2018"]
[Site "Gmund am Tegernsee"]
[Date "2018.10.30"]
[Round "4"]
[White "Heimerdinger, Joerg"]
[Black "Fischer, Daniel"]
[Result "0-1"]
[ECO "C77"]
[WhiteElo "2128"]
[BlackElo "2336"]
[Annotator "ChessBase"]
[PlyCount "72"]
[EventDate "2018.10.27"]
[EventType "swiss"]
[EventCountry "GER"]
[SourceTitle "playchess.com"]
[Source "ChessBase"]
[SourceQuality "1"]
[TimeControl "40/5400+30:1800+30"]

1. e4 e5 2. Nf3 Nc6 3. Bb5 a6 4. Ba4 Nf6 5. Qe2 b5 6. Bb3 Bc5 7. a4 Na5 8. Bxf7+ Kxf7 9. axb5 c6 10. Rxa5 Qxa5 11. Qc4+ Ke7 12. Qxc5+ d6 13. Nxe5 dxc5 14. Nxc6+ Kf7 15. Nxa5 axb5 16. b4 cxb4 17. Nb3 Nxe4 18. d3 Be6 19. Nd4 Ra1 20. dxe4 Rxb1 21. Kd2 Rd8 22. Ke3 Rc8 23. Kd2 b3 24. cxb3 Bxb3 25. Re1 Rc4 26. Kd3 Rbxc1 27. Rxc1 Rxc1 28. Nxb3 Rh1 29. Nd4 b4 30. h3 Rh2 31. Kc4 Rxg2 32. f4 Rb2 33. e5 g6 34. Kd5 b3 35. e6+ Ke7 36. f5 Rd2 0-1

[Event "22nd OIBM 2018"]
[Site "Gmund am Tegernsee"]
[Date "2018.10.30"]
[Round "4"]
[White "Gruettner, Ralf"]
[Black "Wacker, Peter"]
[Result "0-1"]
[ECO "D30"]
[WhiteElo "2112"]
[BlackElo "2313"]
[Annotator "NA"]
[PlyCount "77"]
[EventDate "2018.10.27"]
[EventType "swiss"]
[EventCountry "GER"]
[SourceTitle "playchess.com"]
[Source "ChessBase"]
[SourceQuality "1"]
[TimeControl "40/5400+30:1800+30"]

1. d4 d5 2. c4 e6 3. cxd5 exd5 4. Nc3 c6 5. Nf3 Bd6 6. Bg5 Ne7 7. e3 Qb6 8. Bxe7 {[%emt 0:01:19] D31: Damengambit (Halbslawisch)} (8. Qd2 Bf5 9. Bh4 Nd7 10. Bg3 Bxg3 11. hxg3 Nf6 12. Na4 Qc7 13. Bd3 Bxd3 14. Qxd3 Nc8 15. Nc5 Nd6 {½-½ (82) Genov,P (2463)-Lenic,L (2637) Arvier 2012}) 8... Bxe7 9. Qc2 Be6 10. Bd3 Nd7 11. O-O g6 $146 ({Vorgänger:} 11... h6 12. a3 Qc7 13. Rac1 O-O 14. Rfe1 Bg4 15. Nxd5 {½-½ (56) Garcia de Blas,E (2000)-Ruiz Alba,D (1793) Llinars del Valles 2012}) 12. Rac1 O-O 13. a3 a5 14. h4 Qd8 15. h5 Kg7 16. Ne2 Bd6 17. Nf4 Qf6 18. Qd2 (18. g3 $11) 18... Bg4 19. Nh2 Bf5 20. Be2 g5 21. Nd3 Qe7 22. g4 Be6 23. f4 f5 24. Ne5 Nf6 25. gxf5 ({But not} 25. fxg5 $2 Ne4) (25. Bd3 $17 {keeps fighting.} Ne4 26. Qg2) 25... Bxf5 26. Bf3 gxf4 27. exf4 Kh8 28. Rf2 Ne4 29. Bxe4 Bxe4 30. Kf1 $19 Rf5 31. Nhf3 Rxh5 32. Ng5 Rf8 33. Nxe4 dxe4 34. Rc3 Rh1+ 35. Ke2 Qh4 36. Ke3 Rxf4 37. Rxf4 Re1+ 38. Qe2 Rxe2+ 39. Kxe2 0-1

[Event "22nd OIBM 2018"]
[Site "Gmund am Tegernsee"]
[Date "2018.10.30"]
[Round "4"]
[White "Schoetzig, Detlef"]
[Black "Rietze, Clemens"]
[Result "0-1"]
[ECO "D02"]
[WhiteElo "2102"]
[BlackElo "2293"]
[Annotator "NA"]
[PlyCount "80"]
[EventDate "2018.10.27"]
[EventType "swiss"]
[EventCountry "GER"]
[SourceTitle "playchess.com"]
[Source "ChessBase"]
[SourceQuality "1"]
[TimeControl "40/5400+30:1800+30"]

1. d4 Nf6 2. Nf3 d5 3. Bf4 g6 4. e3 Bg7 5. Nc3 O-O 6. Be2 c5 7. dxc5 Qa5 8. O-O {[%emt 0:00:10] D00: 1 d4 d5: Unusual lines} (8. Nd2 Qxc5 9. Nb3 Qb6 10. Nb5 Na6 11. Be5 Bd7 {½-½ (11) Sriram,J (2396)-Amonatov,F (2632) Johannesburg 2017}) 8... Qxc5 9. Nd4 Rd8 $146 ({Predecessor:} 9... Ne4 10. Nxe4 dxe4 11. Bxb8 Rxb8 12. c3 Bd7 13. Qc2 e5 14. Nb3 Qc6 15. Nd2 f5 {0-1 (40) Murshed,N (2429)-Odeev,H (2405) Guangzhou 2010}) 10. Ncb5 Ne8 11. c3 e5 12. Nb3 Qb6 13. Bg3 a6 14. Na3 Nc6 15. Bf3 Be6 16. Qd2 Bh6 17. Qc2 Rac8 18. Rad1 f5 19. h3 Nf6 20. Bh4 g5 21. Bg3 f4 22. exf4 gxf4 23. Bh4 Bg7 24. Bxf6 Bxf6 25. Qe2 Ne7 26. Bg4 ({Better is} 26. c4 $15) 26... Kh8 27. Bxe6 (27. c4 $17) 27... Qxe6 28. Nd4 Qf7 29. Nf3 Qh5 30. Rfe1 e4 31. Nh2 f3 32. gxf3 Qxh3 33. Qf1 Qh4 34. fxe4 Be5 35. f4 Bxf4 36. Re2 Rg8+ 37. Kh1 Bxh2 38. Rxh2 Qxe4+ 39. Rg2 Nf5 40. Rd3 Rxg2 0-1

[Event "22nd OIBM 2018"]
[Site "Gmund am Tegernsee"]
[Date "2018.10.30"]
[Round "4"]
[White "Lochte, Thomas"]
[Black "Imnadze, Nato"]
[Result "1/2-1/2"]
[ECO "B00"]
[WhiteElo "2095"]
[BlackElo "2291"]
[Annotator "NA"]
[PlyCount "106"]
[EventDate "2018.10.27"]
[EventType "swiss"]
[EventCountry "GER"]
[SourceTitle "playchess.com"]
[Source "ChessBase"]
[SourceQuality "1"]
[TimeControl "40/5400+30:1800+30"]

1. e4 Nc6 2. d4 d5 3. Nc3 Nf6 4. e5 Nd7 5. Nxd5 Ndb8 {[%emt 0:02:07] B00: Queen's Fianchetto Defence, Nimzowitsch Defence} 6. Ne3 Qxd4 {[%emt 0:03:34] LiveBook: 14 Games} 7. Qxd4 Nxd4 8. c3 Ndc6 $146 ({Predecessor:} 8... Nf5 9. Nd5 Kd8 10. Nf3 e6 11. Bg5+ Ne7 12. Ne3 h6 13. O-O-O+ {1-0 (42) Iljiushenok,I (2522)-Vlasenko,M (2433) St Petersburg 2017}) 9. Nd5 Kd8 10. Nf3 Be6 11. Nf4 Bg4 12. Be2 (12. e6 $142 $1) 12... e6 13. Ng5 $1 Bxe2 14. Nxf7+ ({Weniger gut wäre} 14. Kxe2 Ke8 $14) ({Minderwertig wäre} 14. Nxe2 Nxe5 15. Bf4 Nbc6 $11) 14... Ke8 15. Nxh8 Bg4 16. f3 g5 17. Ne2 Bf5 18. Bxg5 Nxe5 19. Nd4 Nbc6 20. Nxf5 exf5 21. f4 Nd3+ 22. Kd2 Nf2 23. Rhe1+ Ne4+ 24. Kc2 Be7 (24... Bg7 $142 25. g4 Kf8 26. gxf5 Re8 27. Ng6+ hxg6 28. fxg6 Bf6 29. Bxf6 Nxf6 30. Rxe8+ Nxe8) 25. g4 (25. Rad1 $142) 25... Kf8 $2 26. gxf5 Nxg5 27. fxg5 Bxg5 28. Re6 Nd8 29. Re4 Bf6 30. Rae1 Nc6 31. b4 a6 32. a4 Bxh8 33. b5 axb5 34. axb5 Ne5 35. Rxe5 Bxe5 36. Rxe5 Ra2+ 37. Kb3 Rxh2 38. Rc5 c6 39. bxc6 bxc6 40. Rxc6 Rf2 41. Rh6 Rxf5 42. Rxh7 Ke8 43. Kb4 Kd8 44. c4 Kc8 45. c5 Rf6 46. Kb5 Rg6 47. Ra7 Rh6 48. Ra4 Kc7 49. Ra8 Kb7 50. Rg8 Kc7 51. Rg7+ Kc8 52. Rg5 Kb7 53. Kc4 $11 Kc6 1/2-1/2

[Event "22nd OIBM 2018"]
[Site "Gmund am Tegernsee"]
[Date "2018.10.30"]
[Round "4"]
[White "Obermeier, Herbert"]
[Black "Ries, Berthold"]
[Result "0-1"]
[ECO "B51"]
[WhiteElo "2065"]
[BlackElo "1862"]
[Annotator "NA"]
[PlyCount "63"]
[EventDate "2018.10.27"]
[EventType "swiss"]
[EventCountry "GER"]
[SourceTitle "playchess.com"]
[Source "ChessBase"]
[SourceQuality "1"]
[TimeControl "40/5400+30:1800+30"]

1. e4 c5 2. Nf3 d6 3. Bb5+ Nd7 4. Ba4 a6 5. c4 e5 6. Nc3 Ngf6 7. O-O Be7 8. d3 O-O 9. h3 h6 10. Nh2 Nb6 11. Bc2 Be6 12. Ne2 $11 Nh5 13. g4 Nf6 14. Ng3 Nh7 15. Nf5 Bg5 16. Qf3 g6 17. Ng3 Bxc1 18. Raxc1 Qh4 19. Ne2 Ng5 20. Qg2 Nxh3+ 21. Kh1 Nf4 22. Nxf4 exf4 23. Qf3 Qf6 24. Kg2 Nd7 25. Qh3 Qg5 26. f3 Ne5 27. Kf2 Kg7 28. Rh1 Rh8 29. Rcg1 h5 30. Qf1 hxg4 31. fxg4 Rh4 32. Bd1 0-1

[Event "22nd OIBM 2018"]
[Site "Gmund am Tegernsee"]
[Date "2018.10.30"]
[Round "4"]
[White "Glaser, Christian"]
[Black "Lipok, Christoph"]
[Result "0-1"]
[ECO "E90"]
[WhiteElo "2063"]
[BlackElo "2271"]
[Annotator "NA"]
[PlyCount "66"]
[EventDate "2018.10.27"]
[EventType "swiss"]
[EventCountry "GER"]
[SourceTitle "playchess.com"]
[Source "ChessBase"]
[SourceQuality "1"]
[TimeControl "40/5400+30:1800+30"]

1. d4 Nf6 2. c4 g6 3. Nc3 Bg7 4. e4 d6 5. Nf3 O-O 6. h3 e5 7. d5 Nh5 8. g3 {[%emt 0:04:29] E90: King's Indian: Classical: Early deviations and 6 h3} Na6 (8... f5 9. exf5 gxf5 10. Bg5 Qe8 11. Be2 Na6 12. Nh4 Nf6 13. Rg1 Kh8 14. Qc2 Nb4 15. Qd2 a5 {1-0 (49) Le,Q (2727)-Aryan,C (2536) Abu Dhabi 2018}) 9. Be3 Nc5 {[%emt 0:01:11] LiveBook: 10 Games} 10. b4 Nd7 11. Rc1 a5 12. a3 Qe7 $146 ({Predecessor:} 12... axb4 13. axb4 f5 14. exf5 gxf5 15. Nxe5 Qe8 16. Nxd7 Bxd7 {½-½ (76) Videki,S (2425)-Van Osch,M (2284) Schwarzach 2016}) 13. Be2 axb4 14. axb4 f5 15. exf5 gxf5 16. Bg5 $1 Ndf6 17. Nh4 Qf7 18. Nb5 f4 19. Bxh5 Nxh5 20. g4 Nf6 21. f3 h6 22. Bxf6 Qxf6 23. Ng2 e4 24. O-O e3 25. Qb3 c6 26. Nc3 h5 27. Ne2 Qh6 28. c5 hxg4 29. hxg4 {[%emt 0:00:35] [#]} cxd5 $2 (29... Be5 $1 $19 30. Rc2 Kg7 31. Ngxf4 Rxf4 32. Nxf4 Qxf4) 30. Qxd5+ Be6 31. Qxb7 Ra2 32. Nc3 Bxc3 $19 33. Rxc3 Qh3 0-1

[Event "22nd OIBM 2018"]
[Site "Gmund am Tegernsee"]
[Date "2018.10.30"]
[Round "4"]
[White "Dumjahn, Carsten"]
[Black "Jahnz, Fabian"]
[Result "1/2-1/2"]
[ECO "A09"]
[WhiteElo "2052"]
[BlackElo "2244"]
[Annotator "NA"]
[PlyCount "45"]
[EventDate "2018.10.27"]
[EventType "swiss"]
[EventCountry "GER"]
[SourceTitle "playchess.com"]
[Source "ChessBase"]
[SourceQuality "1"]
[TimeControl "40/5400+30:1800+30"]

1. Nf3 d5 2. c4 dxc4 3. Na3 a6 4. Nxc4 b5 5. Ne3 Bb7 6. g3 Nf6 7. Bg2 e6 8. O-O c5 9. b3 Be7 10. Bb2 Nbd7 11. Qc2 O-O 12. Rac1 Rc8 13. Rfd1 Qb6 14. Qb1 Rfd8 15. Qa1 Ne8 16. d4 cxd4 17. Bxd4 Bc5 18. b4 $11 Bxd4 19. Nxd4 Bxg2 20. Kxg2 Nef6 21. Rxc8 Rxc8 22. Nb3 h6 23. Qd4 1/2-1/2

[Event "22nd OIBM 2018"]
[Site "Gmund am Tegernsee"]
[Date "2018.10.30"]
[Round "4"]
[White "Valette, Christian"]
[Black "Stolte, Alexander"]
[Result "1-0"]
[ECO "A06"]
[WhiteElo "2016"]
[BlackElo "2218"]
[Annotator "NA"]
[PlyCount "47"]
[EventDate "2018.10.27"]
[EventType "swiss"]
[EventCountry "GER"]
[SourceTitle "playchess.com"]
[Source "ChessBase"]
[SourceQuality "1"]
[TimeControl "40/5400+30:1800+30"]

1. Nf3 d5 2. e3 c6 3. b3 Bg4 4. Bb2 Nd7 5. Be2 Ngf6 6. Ne5 {[%emt 0:00:46] A06: Réti Opening:1 Nf3 d5} (6. O-O e6 7. c4 Bd6 8. h3 Bh5 9. d4 Ne4 10. Nbd2 f5 11. Nxe4 fxe4 12. Nd2 Bxe2 13. Qxe2 Qh4 14. f4 O-O 15. Qe1 Qh5 16. Qd1 Qh4 17. Qe1 {½-½ (83) Kasimdzhanov,R (2700)-Tomashevsky,E (2695) Dubai 2014}) 6... Nxe5 7. Bxe5 {[%emt 0:00:18] LiveBook: 3 Games} Bxe2 8. Qxe2 Nd7 9. Bb2 e5 10. O-O $146 ({Predecessor:} 10. f4 exf4 11. exf4+ Qe7 12. Nc3 Qxe2+ 13. Kxe2 Be7 {0-1 (47) Ringuet,N (2055)-Ouakhir,P (2202) Saint Affrique 2013}) 10... Bd6 11. f4 Qc7 12. e4 O-O 13. exd5 exf4 14. dxc6 Qxc6 15. Nc3 Rae8 16. Qb5 Qc7 17. Nd5 Qxc2 18. Qxd7 Rd8 19. Nf6+ gxf6 20. Qg4+ Qg6 21. Qf3 Rfe8 22. Rae1 Be5 (22... Bc5+ $17 23. d4 Rxe1 24. Rxe1 Bxd4+ 25. Bxd4 Rxd4 26. Qxb7 Kg7) 23. d4 $15 Bxd4+ 24. Bxd4 1-0

[Event "22nd OIBM 2018"]
[Site "Gmund am Tegernsee"]
[Date "2018.10.30"]
[Round "4"]
[White "Wiendieck, Joerg"]
[Black "Oberhofer, Cedric"]
[Result "0-1"]
[ECO "A22"]
[WhiteElo "1995"]
[BlackElo "2213"]
[Annotator "ChessBase"]
[PlyCount "84"]
[EventDate "2018.10.27"]
[EventType "swiss"]
[EventCountry "GER"]
[SourceTitle "playchess.com"]
[Source "ChessBase"]
[SourceQuality "1"]
[TimeControl "40/5400+30:1800+30"]

1. c4 e5 2. Nc3 Nf6 3. g3 d5 4. cxd5 Nxd5 5. Bg2 Nb6 6. Nf3 Nc6 7. O-O Be7 8. d3 O-O 9. a3 Be6 10. b4 a5 11. b5 Nd4 12. Bb2 f6 13. Nd2 c6 14. a4 cxb5 15. Nxb5 Nxb5 16. axb5 Qd7 17. Ba3 Bxa3 18. Rxa3 Qxb5 19. Bxb7 Rab8 20. Bg2 Qb4 21. Nb1 Rfc8 22. Qd2 Qxd2 23. Nxd2 Rc2 24. Ne4 a4 25. e3 Rd8 26. Rd1 Bb3 27. Bf1 Nc4 28. Raa1 Nb2 29. Rd2 f5 30. Rxc2 Bxc2 31. Nc5 Rd5 32. Ra2 Rxc5 33. Rxb2 Bb3 34. Rb1 Ra5 35. d4 exd4 36. exd4 Kf8 37. Kg2 Bd5+ 38. f3 a3 39. Kf2 a2 40. Ra1 Ra3 41. Be2 Rc3 42. Ke1 Rc2 0-1

[Event "22nd OIBM 2018"]
[Site "Gmund am Tegernsee"]
[Date "2018.10.30"]
[Round "4"]
[White "Wolf, Pablo"]
[Black "Leeb, Simon"]
[Result "1-0"]
[ECO "B10"]
[WhiteElo "1983"]
[BlackElo "2203"]
[Annotator "NA"]
[PlyCount "65"]
[EventDate "2018.10.27"]
[EventType "swiss"]
[EventCountry "GER"]
[SourceTitle "playchess.com"]
[Source "ChessBase"]
[SourceQuality "1"]
[TimeControl "40/5400+30:1800+30"]

1. e4 {[%emt 0:00:00] Lukacs,P} c6 2. Ne2 d5 3. e5 c5 4. d4 Nc6 5. c3 cxd4 {[%emt 0:05:42] B12: Caro-Kann: Advance Variation} (5... Bg4 6. h3 Bxe2 7. Bxe2 e6 8. O-O Qb6 9. dxc5 Bxc5 10. b4 Be7 11. Be3 Qc7 12. f4 Nh6 13. Na3 {½-½ (44) Vachier Lagrave,M (2795)-Anand,V (2786) Stavanger 2017}) 6. cxd4 Bf5 7. Nbc3 e6 {[%emt 0:00:53] LiveBook: 28 Games} 8. a3 a6 9. Be3 f6 10. f4 $146 ({Predecessor:} 10. h3 h5 11. exf6 Nxf6 12. g3 Bd6 13. Bg2 {½-½ (48) Davies,N (2515)-Speelman,J (2600) Southend 1999 CBM 071 [Lukacs,P]}) 10... fxe5 11. fxe5 Be7 12. Nf4 Nh6 13. Be2 Qb6 14. b4 Nxe5 15. Ncxd5 exd5 16. Nxd5 Qc6 17. dxe5 Rd8 18. Bf3 Rxd5 19. Qxd5 Qc3+ 20. Ke2 $18 Ng4 21. Qd4 Qc2+ 22. Bd2 Qc8 23. h3 Nf6 24. Rac1 Qe6 25. g4 Bg6 26. Bxb7 O-O 27. Qc4 Qxc4+ 28. Rxc4 Rd8 29. exf6 Bd3+ 30. Ke1 Bxc4 31. fxe7 Re8 32. Bg5 Bb5 33. Bd5+ 1-0

[Event "22nd OIBM 2018"]
[Site "Gmund am Tegernsee"]
[Date "2018.10.30"]
[Round "4"]
[White "Becker, Wolfgang"]
[Black "Boehm, Martin"]
[Result "0-1"]
[ECO "B22"]
[WhiteElo "1858"]
[BlackElo "2195"]
[Annotator "NA"]
[PlyCount "62"]
[EventDate "2018.10.27"]
[EventType "swiss"]
[EventCountry "GER"]
[SourceTitle "playchess.com"]
[Source "ChessBase"]
[SourceQuality "1"]
[TimeControl "40/5400+30:1800+30"]

1. e4 c5 2. c3 Nf6 3. e5 Nd5 4. d4 cxd4 5. Nf3 Nc6 6. cxd4 e6 7. Nc3 Nxc3 8. bxc3 d6 9. exd6 Qxd6 10. Bd3 {[%emt 0:01:49] B22: Sicilian: 2 c3} Be7 11. Qe2 b6 12. O-O Bb7 {[%emt 0:00:06] LiveBook: 3 Games} 13. Re1 Rc8 14. Qe4 $146 ({Predecessor:} 14. Bg5 Qd8 15. Qe3 h6 16. Bf4 Bd6 17. Ne5 Nxe5 18. dxe5 {½-½ (34) Sevillano,E (2461)-Molner,M (2455) Las Vegas 2011}) 14... Na5 15. Bb5+ Kf8 16. Qd3 f6 17. a4 Qd5 18. Bf4 Kf7 19. Re2 g5 20. Bd2 g4 21. Ne1 Bd6 22. Rc1 Nc4 23. Bxc4 Qxc4 24. Qe3 Bf4 25. Qd3 Bb8 26. Qe3 Ba6 27. Nd3 Rce8 28. Ne5+ Bxe5 29. dxe5 Qxe2 30. Qh6 Qxe5 31. Re1 $19 Qf5 0-1

[Event "22nd OIBM 2018"]
[Site "Gmund am Tegernsee"]
[Date "2018.10.30"]
[Round "4"]
[White "Wehrmann, Henning"]
[Black "Kaiser, Elmar"]
[Result "0-1"]
[ECO "C07"]
[WhiteElo "1828"]
[BlackElo "2185"]
[Annotator "NA"]
[PlyCount "74"]
[EventDate "2018.10.27"]
[EventType "swiss"]
[EventCountry "GER"]
[SourceTitle "playchess.com"]
[Source "ChessBase"]
[SourceQuality "1"]
[TimeControl "40/5400+30:1800+30"]

1. e4 e6 2. d4 d5 3. Nd2 c5 4. Ngf3 Nc6 5. Bb5 Qb6 6. exd5 {[%emt 0:05:19] C07: French Tarrasch: 3...c5, 4 Ngf3 and 4 exd5 Qxd5} Qxb5 7. c4 Qa6 8. dxc6 Qxc6 9. O-O Nf6 10. Re1 (10. Ne5 Qc7 11. Ndf3 Be7 12. Bf4 Qa5 13. dxc5 O-O {1-0 (43) Gopal,G (2572)-Sengupta,D (2466) Dubai 2009}) 10... Be7 11. Ne5 $146 ({Predecessor:} 11. b3 Qc7 12. Bb2 O-O 13. Qe2 Bd7 {1-0 (33) Hausner,I (2410)-Dostal,R Policka 1997}) 11... Qa6 12. Ne4 cxd4 ({Black should try} 12... Nxe4 $14 13. Rxe4 cxd4) 13. Qxd4 Nxe4 14. Rxe4 f6 15. Nd3 e5 16. Nxe5 Bf5 17. Re1 fxe5 18. Qxe5 Qf6 19. g4 Bxg4 20. Bg5 Qxe5 21. Rxe5 O-O-O 22. Rxe7 Rd7 23. Re4 Bf3 24. Rf4 Bc6 25. Rg4 Re8 26. Be3 b6 27. Re1 g6 28. b4 Rd3 29. b5 $11 Bd7 30. Rh4 h5 31. Rc1 Kb7 32. Rf4 Bf5 33. c5 bxc5 34. Bxc5 Rc8 35. Rfc4 Rd5 36. R4c3 Bd3 37. a4 Rg5+ 0-1

[Event "22nd OIBM 2018"]
[Site "Gmund am Tegernsee"]
[Date "2018.10.30"]
[Round "4"]
[White "Dartmann Aubanell, Catriona"]
[Black "Goldbeck, Lars"]
[Result "0-1"]
[ECO "B40"]
[WhiteElo "1622"]
[BlackElo "2184"]
[Annotator "NA"]
[PlyCount "45"]
[EventDate "2018.10.27"]
[EventType "swiss"]
[EventCountry "GER"]
[SourceTitle "playchess.com"]
[Source "ChessBase"]
[SourceQuality "1"]
[TimeControl "40/5400+30:1800+30"]

1. e4 c5 2. Nf3 e6 3. c3 Nf6 4. e5 Nd5 5. d4 cxd4 6. cxd4 d6 7. Be2 Be7 8. O-O O-O 9. Nbd2 Nf4 10. Bc4 d5 11. Bb3 Nc6 12. a3 f6 13. exf6 Bxf6 14. Nb1 Nd3 15. Nc3 Bd7 16. Re1 Rc8 $11 17. Be3 Na5 18. Bc2 Nc4 19. Qb1 Qe8 20. Bg5 Qf7 21. Re2 Bxg5 22. Nxg5 Qf6 23. Nf3 0-1

[Event "22nd OIBM 2018"]
[Site "Gmund am Tegernsee"]
[Date "2018.10.31"]
[Round "5"]
[White "Imnadze, Nato"]
[Black "Kick, Joachim"]
[Result "0-1"]
[ECO "C22"]
[WhiteElo "2291"]
[BlackElo "2070"]
[Annotator "NA RC"]
[PlyCount "90"]
[EventDate "2018.10.27"]
[EventType "swiss"]
[EventCountry "GER"]
[SourceTitle "playchess.com"]
[Source "ChessBase"]
[SourceQuality "1"]
[TimeControl "40/5400+30:1800+30"]

1. e4 e5 2. d4 exd4 3. Qxd4 Nc6 4. Qe3 Nf6 5. Bd2 Bb4 6. Nc3 O-O 7. O-O-O Re8 8. Qg3 Nxe4 9. Nxe4 Rxe4 10. c3 {[%emt 0:02:55] C22: Centre Game} Be7 11. Bd3 (11. f4 d5 12. Bd3 Bf5 13. Nf3 Qd7 14. Bxe4 Bxe4 15. Be3 Na5 16. Bd4 f6 17. Rhe1 Qa4 18. Rxe4 dxe4 {0-1 (31) Kriebel,T (2445)-Michalik,P (2554) Slovakia 2017}) 11... Bh4 12. Qf3 Re8 13. g3 Bf6 $146 ({Predecessor:} 13... Ne5 14. Qe4 Nxd3+ 15. Qxd3 Bf6 16. h4 d6 17. f3 g6 {0-1 (58) Tohirjonova,H (2135)-Vul,A (2287) Tashkent 2015}) 14. Bc2 Ne5 15. Qe4 g6 16. Be3 d6 17. Bd4 d5 18. Qg2 c6 19. h4 Ng4 20. h5 g5 21. Qf3 Ne5 22. Bxe5 Rxe5 23. g4 h6 24. Qd3 Bg7 25. Nf3 Re8 26. Nd4 Qf6 27. Kb1 Bxg4 28. f3 Bd7 29. f4 g4 30. Qh7+ Kf8 31. Rhg1 c5 32. Nb3 b6 33. Rxd5 Be6 34. Re5 Rad8 35. Ree1 a5 36. a4 Bc8 37. Nc1 c4 38. Ne2 Bb7 $2 (38... Rd5 $19 39. Ng3 Rxe1+ 40. Rxe1 Qxf4) 39. Nd4 $2 ({Wrong is} 39. Rxg4 $2 Rd2 $19) (39. Ng3 $11) 39... Rxe1+ 40. Rxe1 Rxd4 41. cxd4 Qxd4 42. Re5 g3 43. Bg6 fxg6 44. hxg6 Be4+ 45. Ka2 g2 0-1

[Event "22nd OIBM 2018"]
[Site "Gmund am Tegernsee"]
[Date "2018.10.31"]
[Round "5"]
[White "Boehm, Martin"]
[Black "Forchert, Martin"]
[Result "1-0"]
[ECO "D71"]
[WhiteElo "2195"]
[BlackElo "2363"]
[Annotator "NA RC"]
[PlyCount "73"]
[EventDate "2018.10.27"]
[EventType "swiss"]
[EventCountry "GER"]
[SourceTitle "playchess.com"]
[Source "ChessBase"]
[SourceQuality "1"]
[TimeControl "40/5400+30:1800+30"]

1. d4 Nf6 2. c4 g6 3. g3 Bg7 4. Bg2 d5 5. Nc3 dxc4 6. Nf3 c6 7. O-O Nbd7 8. e4 Nb6 9. h3 O-O 10. a4 {[%emt 0:00:46] D78: Fianchetto Grünfeld: 6 0-0 c6} a5 11. Be3 (11. Qe2 e5 12. dxe5 Nfd7 13. Bg5 {1-0 (36) Ivanisevic,I (2610)-Sedlak,N (2577) Ulcinj 2014}) 11... h6 $146 ({Predecessor:} 11... Ne8 12. Qe2 Nd6 {½-½ (12) Ostojic,N (2398)-Lajthajm,B (2498) Vrnjacka Banja 2008}) 12. Qd2 Kh7 13. Rad1 Be6 14. Ne5 Nfd7 15. Ng4 Bxg4 16. hxg4 Qc7 17. g5 hxg5 18. e5 Rad8 19. e6 Ne5 20. Qe2 Nd3 21. exf7 e5 22. Ne4 Rxf7 23. Nxg5+ Kg8 $18 24. dxe5 Nd5 25. Nxf7 Qxf7 26. Bg5 Re8 27. f4 Bf8 28. Rf3 Bc5+ 29. Kf1 Qf5 30. Rfxd3 cxd3 31. Bxd5+ cxd5 32. Qxd3 Qh3+ 33. Ke1 Bb4+ 34. Kf2 Qh2+ 35. Kf3 Kh7 36. Qxd5 Qh5+ 37. Kg2 1-0

[Event "22nd OIBM 2018"]
[Site "Gmund am Tegernsee"]
[Date "2018.10.31"]
[Round "5"]
[White "Yakimenko, Alexander A."]
[Black "Singer, Christoph"]
[Result "1/2-1/2"]
[ECO "C67"]
[WhiteElo "2101"]
[BlackElo "2344"]
[Annotator "ChessBase"]
[PlyCount "81"]
[EventDate "2018.10.27"]
[EventType "swiss"]
[EventCountry "GER"]
[SourceTitle "playchess.com"]
[Source "ChessBase"]
[SourceQuality "1"]
[TimeControl "40/5400+30:1800+30"]

1. e4 e5 2. Nf3 Nc6 3. Bb5 Nf6 4. O-O Nxe4 5. Re1 Nd6 6. Nxe5 Be7 7. Bf1 O-O 8. d4 Nf5 9. c3 d5 10. Bf4 Nxe5 11. Bxe5 c5 12. Bd3 c4 13. Bf1 Be6 14. Nd2 Qd7 15. Nf3 Rfe8 16. Qd2 f6 17. Bf4 g5 18. Bg3 h5 19. h4 g4 20. Nh2 Nxg3 21. fxg3 Kg7 22. Be2 Bd6 23. Nf1 Qc7 24. Bd1 Bf5 25. Ba4 Rxe1 26. Rxe1 Bd3 27. Qf2 Rf8 28. Bc2 f5 29. Re6 f4 30. Bxd3 cxd3 31. Qd2 Qd7 32. Qe1 fxg3 33. Re5 Rxf1+ 34. Kxf1 Qf7+ 35. Kg1 Bxe5 36. Qxe5+ Kh6 37. Qxg3 Qf5 38. Qe3+ Kg6 39. Qe8+ Kg7 40. Qe7+ Kg6 41. Qe8+ 1/2-1/2

[Event "22nd OIBM 2018"]
[Site "Gmund am Tegernsee"]
[Date "2018.11.01"]
[Round "6"]
[White "Morawietz, Dieter"]
[Black "Pasti, Aron"]
[Result "1-0"]
[ECO "C77"]
[WhiteElo "2408"]
[BlackElo "2085"]
[Annotator "ChessBase"]
[PlyCount "64"]
[EventDate "2018.10.27"]
[EventType "swiss"]
[EventCountry "GER"]
[SourceTitle "playchess.com"]
[Source "ChessBase"]
[SourceQuality "1"]
[TimeControl "40/5400+30:1800+30"]

1. e4 e5 2. Nf3 Nc6 3. Bb5 a6 4. Ba4 Nf6 5. d3 b5 6. Bb3 Be7 7. c3 O-O 8. O-O d5 9. Bg5 dxe4 10. Bxf6 Bxf6 11. dxe4 Qxd1 12. Rxd1 Na5 13. Bc2 Nc4 14. b3 Nd6 15. Nbd2 Bb7 16. Re1 g6 17. b4 Rfd8 18. Nb3 Nc4 19. Nc5 Bc6 20. Bb3 Nd2 21. Nxd2 Rxd2 22. Rad1 Rd6 23. Kf1 Kf8 24. Bd5 Rad8 25. Ke2 Bxd5 26. Rxd5 Rxd5 27. exd5 Ra8 28. a4 bxa4 29. Ra1 Be7 30. Nd7+ Kg7 31. Nxe5 Bxb4 32. cxb4 Re8 1-0